Map: Apotheosis LE

Players

Gemini

  • Race: Protoss Protoss
  • League: Master

A.I. 1 (Very Easy) - Winner!

  • Race: Terran Terran

VOD

Have the link to the VOD?

Description

Time

  • Played on: July 25, 2016, 2:27 p.m.
  • Length: 8:25
Show
View Real Time Build Order
Export as new Build Order

Gemini Protoss 

Build Orders: 1 Gate Expand, Dark Templar Rush 

Get SALT Encoding   

  12  0:01  Probe (Chrono Boost)  
  13  0:12  Probe (Chrono Boost)  
  14  0:19  Pylon  
  14  0:22  Probe (Chrono Boost)  
  15  0:37  Probe (Chrono Boost)  
  15  0:38  Gateway  
  15  0:41  Assimilator  
  16  0:47  Probe (Chrono Boost)  
  17  0:58  Probe (Chrono Boost)  
  18  1:08  Probe (Chrono Boost)  
  19  1:25  Nexus  
  19  1:29  Probe (Chrono Boost)  
  20  1:37  Cybernetics Core  
  20  1:41  Probe (Chrono Boost)  
  21  1:48  Assimilator  
  21  1:51  Probe (Chrono Boost)  
  22  1:58  Pylon  
  22  2:03  Probe (Chrono Boost)  
  23  2:16  Stalker  
  23  2:17  Mothership Core (Chrono Boost)  
  23  2:18  Warp Gate  
  27  2:35  Probe (Chrono Boost)  
  29  2:37  Probe (Chrono Boost)  
  29  2:43  Robotics Facility  
  29  2:45  Probe (Chrono Boost)  
  29  2:47  Probe (Chrono Boost)  
  31  2:56  Probe (Chrono Boost)  
  32  2:59  Twilight Council  
  32  3:01  Probe (Chrono Boost)  
  33  3:07  Probe (Chrono Boost)  
  33  3:11  Probe (Chrono Boost)  
  35  3:16  Gateway  
  35  3:19  Probe (Chrono Boost)  
  36  3:22  Probe (Chrono Boost)  
  36  3:27  Pylon  
  37  3:29  Probe (Chrono Boost)  
  38  3:34  Warp Prism  
  38  3:41  Dark Shrine  
  40  3:43  Probe (Chrono Boost)  
  40  3:45  Probe (Chrono Boost)  
  42  3:49  Assimilator  
  42  3:51  Assimilator  
  42  3:53  Probe (Chrono Boost)  
  44  3:55  Probe (Chrono Boost)  
  44  4:04  Probe (Chrono Boost)  
  44  4:06  Pylon  
  44  4:07  Probe (Chrono Boost)  
  46  4:12  Observer  
  46  4:13  Gateway  
  46  4:14  Probe (Chrono Boost)  
  48  4:18  Probe (Chrono Boost)  
  49  4:24  Blink  
  49  4:25  Probe (Chrono Boost)  
  49  4:28  Probe (Chrono Boost)  
  51  4:35  Probe (Chrono Boost)  
  51  4:38  Observer  
  53  4:39  Probe (Chrono Boost)  
  53  4:42  Nexus  
  54  4:45  Pylon  
  54  4:54  Dark Templar x2  
  54  4:56  Probe (Chrono Boost)  
  54  4:58  Probe (Chrono Boost)  
  60  5:05  Immortal  
  60  5:06  Probe (Chrono Boost)  
  65  5:08  Sentry  
  65  5:11  Probe (Chrono Boost)  
  68  5:17  Probe (Chrono Boost)  
  69  5:22  Probe (Chrono Boost)  
  69  5:23  Pylon  
  70  5:31  Forge  
  70  5:33  Pylon, Forge  
  70  5:41  Pylon, Probe (Chrono Boost)  
  71  5:44  Stalker  
  71  5:45  Adept  
  71  5:46  Pylon  
  75  5:50  Stalker  
  75  5:52  Protoss Ground Weapons Level 1  
  75  5:55  Protoss Ground Armor Level 1  
  75  5:56  Immortal  
  81  5:59  Pylon  
  81  6:00  Probe x2 (Chrono Boost)  
  83  6:05  Probe (Chrono Boost)  
  85  6:12  Probe (Chrono Boost)  
  86  6:18  Probe (Chrono Boost)  
  86  6:20  Probe (Chrono Boost)  
  86  6:22  Sentry  
  86  6:23  Sentry  
  86  6:24  Probe (Chrono Boost)  
  86  6:25  Sentry  
  94  6:29  Probe (Chrono Boost)  
  94  6:30  Resonating Glaives  
  94  6:32  Probe (Chrono Boost)  
  96  6:36  Probe (Chrono Boost), Gateway  
  96  6:39  Gateway  
  97  6:42  Gateway  
  97  6:44  Assimilator  
  97  6:46  Probe (Chrono Boost)  
  99  6:48  Assimilator, Probe (Chrono Boost)  
  99  6:49  Probe (Chrono Boost)  
  99  6:51  Immortal  
  104  7:04  Probe (Chrono Boost)  
  104  7:05  Robotics Facility  
  104  7:06  Probe (Chrono Boost)  
  104  7:08  Robotics Bay  
  106  7:10  Pylon  
  106  7:12  Pylon  
  106  7:13  Pylon  
  106  7:14  Stalker  
  108  7:20  Stalker x2  
  112  7:36  Stalker x2  
  128  8:17  Zealot  
  128  8:18  Zealot x5  
Show
View Real Time Build Order
Export as new Build Order

A.I. 1 (Very Easy) Terran - Winner!

Build Orders:  

Get SALT Encoding   

  12  0:00  SCV  
  13  0:13  SCV  
  14  0:18  Supply Depot  
  14  0:37  Refinery  
  14  0:42  Barracks  
  14  1:04  Supply Depot  
  14  1:12  Refinery  
  14  1:29  Orbital Command  
  14  1:30  Marine  
  15  1:55  SCV  
  16  2:07  SCV  
  17  2:17  Barracks Tech Lab  
  17  2:19  SCV  
  18  2:32  SCV  
  18  2:35  Marauder  
  21  2:44  SCV  
  22  2:56  SCV  
  23  3:22  Marine  
  24  4:41  SCV  
  24  5:16  Marine  
  23  6:04  Marine  
  23  6:45  Marine  
  24  6:47  SCV  
  24  6:48  Supply Depot  
  24  6:49  Factory  
  25  6:59  SCV  
  25  7:11  SCV  
  25  7:15  Supply Depot  
  26  7:19  Marine  
  27  7:35  SCV  
  27  7:36  Starport  
  24  7:47  SCV  
  24  7:53  Marine  
  23  8:03  Command Center  
  23  8:06  SCV  
  23  8:13  Starport Tech Lab  
  23  8:15  Command Center  
Tags
 
Add a new tag
Caveats
  • Supply blocks, unpowered buildings, or Contaminate may cause inaccurate times.
  • Supply counts are checked every 10 seconds.